Map: Undercurrent LE

Players

David

  • Race: Terran Terran
  • Spawn Location: 3:00

Nominus

  • Race: Protoss Protoss
  • Spawn Location: 1:00

Moikano

  • Race: Protoss Protoss
  • Spawn Location: 7:00

MaemoJ

  • Race: Protoss Protoss
  • Spawn Location: 7:00

VOD

Have the link to the VOD?

Description

Time

  • Played on: April 10, 2025, 9:56 a.m.
  • Length: 12:51
Show
View Real Time Build Order
Export as new Build Order

David Terran 

Build Orders:  

Get SALT Encoding   

  12  0:01  SCV  
  13  0:15  Supply Depot  
  13  0:24  SCV  
  14  0:36  SCV  
  15  0:45  Barracks  
  15  0:48  SCV  
  16  1:00  SCV  
  17  1:14  SCV  
  18  1:26  SCV  
  18  1:27  Engineering Bay  
  19  1:34  Supply Depot  
  19  1:37  Marine  
  20  1:46  Refinery  
  20  1:48  SCV  
  21  1:54  Marine  
  21  2:00  SCV  
  23  2:06  Barracks  
  23  2:12  SCV, Marine, Refinery  
  25  2:18  Supply Depot  
  25  2:24  SCV  
  26  2:30  Marine  
  26  2:36  SCV  
  28  2:41  Supply Depot  
  28  2:48  Marine  
  28  2:49  SCV  
  30  3:01  SCV  
  30  3:04  Marine  
  31  3:06  Marine  
  32  3:13  SCV, Barracks  
  33  3:22  Marine  
  33  3:23  Marine  
  35  3:27  Barracks  
  35  3:28  Supply Depot  
  35  3:29  SCV  
  36  3:40  Marine  
  37  3:41  SCV, Marine  
  39  3:53  SCV  
  40  3:57  Marine  
  40  3:59  Marine  
  39  4:11  SCV  
  39  4:14  Marine x2, Bunker  
  39  4:15  Marine  
  41  4:17  Marine  
  41  4:23  SCV  
  43  4:32  Marine x2  
  43  4:33  Marine  
  43  4:35  Marine  
  43  4:36  SCV, Factory  
  48  4:45  Refinery  
  48  4:48  SCV  
  48  4:49  Marine  
  48  4:50  Marine  
  48  4:51  Marine  
  52  4:53  Marine  
  53  5:00  SCV  
  53  5:06  Factory  
  54  5:07  Marine  
  54  5:11  Refinery  
  55  5:17  Command Center  
  55  5:29  Factory Tech Lab  
  55  5:31  Supply Depot  
  55  5:52  SCV, Marine  
  55  5:54  Supply Depot  
  57  5:59  Supply Depot  
  57  6:04  SCV, Factory Tech Lab  
  57  6:06  Starport  
  58  6:16  SCV  
  59  6:23  Marine x4  
  63  6:28  SCV  
  64  6:37  Siege Tank  
  67  6:40  SCV, Marine  
  67  6:41  Marine x3  
  67  6:43  SCV  
  73  6:47  Starport Tech Lab  
  73  6:53  SCV  
  74  6:55  SCV  
  74  6:56  Starport  
  74  6:58  Marine  
  76  7:05  SCV, Missile Turret  
  77  7:14  Marine  
  77  7:15  Marine x2  
  80  7:16  Marine  
  80  7:17  SCV  
  82  7:29  Missile Turret  
  82  7:30  Medivac  
  82  7:32  Marine x3  
  82  7:34  Marine  
  88  7:55  Missile Turret  
  88  8:00  Medivac  
  90  8:09  Starport Tech Lab  
  90  8:12  Command Center  
  90  8:18  Cyclone  
  93  8:33  Supply Depot  
  93  8:40  SCV  
  94  8:54  Medivac  
  94  8:55  SCV x2, Cyclone  
  100  8:56  Supply Depot  
  100  9:00  Armory  
  100  9:07  SCV x2  
  101  9:17  Banshee  
  101  9:18  Cyclone  
  101  9:19  Supply Depot, SCV x2, Terran Infantry Weapons Level 1  
  101  9:24  Marine  
  110  9:41  Supply Depot, SCV x2, Marine x3, Command Center, Medivac  
  110  9:42  Marine  
  118  10:03  SCV, Marine x4, Banshee  
  126  10:07  Supply Depot  
  126  10:28  SCV x2, Marine x4, Medivac  
  126  10:30  Supply Depot  
  126  10:35  Thor  
  134  10:40  SCV  
  134  10:41  SCV  
  102  10:46  Marine x4  
  103  10:52  Siege Tank  
  103  10:53  SCV x2  
  103  10:57  Medivac  
  110  10:58  Medivac  
  110  11:04  Marine x4  
  112  11:05  SCV  
  117  11:17  SCV  
  118  11:22  Marine x4  
  122  11:34  Command Center  
  122  11:39  Marine x4  
  122  11:42  Medivac  
  122  11:43  Banshee  
  131  11:57  Supply Depot, Marine x4  
  132  12:06  Supply Depot  
  120  12:15  Marine x4  
  105  12:20  Supply Depot  
  87  12:33  Marine x4  
  85  12:45  Supply Depot  
Show
View Real Time Build Order
Export as new Build Order

Nominus Protoss 

Build Orders:  

Get SALT Encoding   

  12  0:00  Probe  
  13  0:12  Probe  
  14  0:25  Probe  
  15  0:29  Pylon  
  15  0:47  Probe  
  16  0:59  Probe  
  16  1:02  Gateway  
  17  1:04  Assimilator  
  17  1:11  Probe  
  18  1:22  Nexus  
  18  1:27  Pylon  
  18  1:30  Probe  
  19  1:42  Assimilator, Probe  
  20  1:50  Cybernetics Core  
  20  1:58  Probe  
  21  2:04  Warp Gate  
  21  2:09  Gateway  
  21  2:10  Probe  
  22  2:23  Probe  
  23  2:32  Stalker  
  25  2:39  Forge  
  25  2:40  Probe  
  25  2:42  Probe  
  27  2:48  Probe  
  27  2:57  Probe  
  28  3:05  Assimilator  
  29  3:09  Probe  
  29  3:10  Probe  
  31  3:21  Robotics Facility  
  31  3:22  Probe  
  31  3:24  Pylon  
  32  3:28  Probe  
  34  3:34  Probe  
  34  3:35  Photon Cannon  
  34  3:40  Probe  
  35  3:44  Pylon  
  35  3:46  Probe  
  36  3:55  Gateway  
  36  3:58  Probe  
  37  4:06  Photon Cannon  
  37  4:09  Stalker x2  
  41  4:24  Probe  
  41  4:30  Probe  
  43  4:32  Observer, Probe  
  45  4:40  Pylon  
  45  4:42  Assimilator, Probe  
  45  4:43  Probe  
  45  4:44  Immortal  
  47  4:47  Protoss Ground Weapons Level 1  
  47  4:50  Stalker x2  
  51  4:55  Probe  
  56  5:02  Stalker  
  56  5:04  Probe  
  59  5:07  Probe  
  60  5:14  Photon Cannon  
  60  5:20  Shield Battery  
  60  5:26  Nexus  
  60  5:28  Pylon  
  60  5:33  Pylon, Immortal  
  60  5:40  Probe  
  60  5:41  Gateway  
  65  5:47  Stalker  
  65  5:48  Stalker  
  69  5:57  Twilight Council  
  69  6:08  Immortal, Photon Cannon  
  69  6:09  Shield Battery  
  73  6:30  Protoss Ground Armor Level 1  
  73  6:31  Pylon  
  73  6:34  Assimilator  
  73  6:36  Probe  
  74  6:40  Assimilator  
  74  6:44  Probe  
  74  6:50  Immortal  
  74  6:52  Probe  
  79  7:00  Probe x2  
  82  7:08  Probe  
  82  7:09  Stalker x2  
  82  7:10  Stalker, Blink  
  82  7:11  Stalker  
  82  7:12  Probe  
  92  7:17  Gateway  
  92  7:20  Probe  
  93  7:24  Probe  
  94  7:32  Probe  
  94  7:33  Robotics Bay  
  94  7:36  Pylon, Probe  
  96  7:45  Probe  
  96  7:48  Probe  
  96  7:50  Probe  
  99  7:55  Observer  
  99  7:57  Probe  
  101  8:01  Stalker x4  
  101  8:02  Probe  
  110  8:07  Pylon  
  110  8:09  Gateway, Probe  
  110  8:10  Extended Thermal Lance  
  110  8:12  Gateway  
  111  8:14  Probe  
  112  8:21  Probe  
  113  8:33  Colossus  
  119  8:46  Protoss Ground Weapons Level 2  
  119  8:51  Stalker x3  
  97  9:38  Stalker  
  97  9:39  Stalker x4  
  97  9:40  Stalker x2  
  111  9:45  Colossus  
  111  10:20  Stalker x3  
  111  10:21  Stalker x4  
  125  10:34  Nexus  
  125  11:11  Pylon  
  125  11:13  Pylon  
  125  11:14  Pylon  
  125  11:18  Pylon  
  125  11:29  Colossus  
  120  11:41  Stalker x3  
  120  11:42  Stalker x4  
  123  12:08  Stalker x3  
  93  12:09  Stalker x4  
  91  12:27  Photon Cannon  
  97  12:38  Stalker x2  
  97  12:39  Stalker x3  
  97  12:40  Stalker x2  
Show
View Real Time Build Order
Export as new Build Order

Moikano Protoss 

Build Orders: Nexus First, Carriers 

Get SALT Encoding   

  12  0:02  Probe  
  13  0:15  Probe  
  14  0:27  Probe  
  15  0:53  Nexus  
  15  1:04  Pylon  
  15  1:12  Assimilator  
  15  1:17  Assimilator  
  15  1:22  Probe  
  16  1:33  Gateway  
  16  1:34  Probe  
  17  1:42  Probe  
  18  1:50  Probe  
  18  2:01  Probe  
  20  2:10  Forge  
  20  2:12  Pylon  
  20  2:13  Probe  
  21  2:16  Gateway  
  21  2:24  Probe  
  21  2:25  Probe  
  23  2:32  Probe  
  24  2:37  Probe  
  24  2:42  Probe  
  25  2:49  Probe  
  27  2:52  Cybernetics Core  
  27  2:54  Probe  
  28  3:01  Probe  
  29  3:15  Pylon  
  29  3:24  Warp Gate  
  29  3:26  Pylon  
  29  3:27  Pylon, Probe  
  29  3:28  Pylon  
  29  3:29  Probe  
  31  3:39  Probe  
  32  3:41  Probe  
  33  3:51  Probe  
  33  3:53  Probe  
  35  3:56  Nexus  
  35  4:02  Pylon  
  35  4:03  Probe  
  35  4:05  Pylon  
  35  4:06  Probe  
  37  4:10  Assimilator  
  37  4:14  Assimilator  
  37  4:16  Probe  
  38  4:18  Probe  
  39  4:29  Stargate x2  
  39  4:34  Stargate  
  39  4:35  Probe  
  39  4:36  Probe  
  41  4:40  Assimilator  
  41  4:46  Assimilator  
  41  4:47  Probe  
  41  4:48  Probe  
  43  4:59  Probe  
  44  5:00  Probe  
  44  5:05  Robotics Facility  
  45  5:11  Probe  
  45  5:13  Probe  
  47  5:18  Fleet Beacon  
  47  5:26  Twilight Council  
  47  5:32  Pylon  
  47  5:33  Probe  
  47  5:34  Probe  
  47  5:35  Pylon, Probe  
  50  5:45  Probe  
  50  5:46  Probe  
  50  5:47  Probe  
  53  5:52  Observer  
  54  5:57  Probe  
  54  5:58  Probe  
  54  5:59  Probe  
  54  6:02  Protoss Air Weapons Level 1  
  57  6:09  Probe  
  57  6:10  Observer, Probe  
  57  6:11  Anion Pulse-Crystals, Probe  
  61  6:21  Probe  
  61  6:22  Probe  
  61  6:23  Probe  
  64  6:27  Observer  
  64  6:29  Carrier  
  71  6:43  Nexus  
  71  7:04  Pylon  
  71  7:06  Pylon  
  71  7:09  Assimilator  
  71  7:13  Assimilator  
  71  7:36  Photon Cannon  
  71  7:37  Photon Cannon  
  71  7:38  Photon Cannon  
  71  7:39  Observer, Carrier x2  
  71  7:40  Carrier, Protoss Shields Level 1  
  71  7:41  Photon Cannon  
  71  7:43  Photon Cannon  
  89  7:44  Shield Battery  
  89  7:46  Shield Battery  
  89  8:04  Protoss Air Armor Level 1  
  89  8:17  Probe  
  91  8:20  Probe  
  91  8:21  Probe  
  91  8:22  Probe  
  93  8:29  Probe  
  93  8:32  Probe  
  93  8:33  Nexus, Probe  
  96  8:34  Probe  
  96  8:37  Carrier x2  
  96  8:38  Carrier  
  97  8:41  Probe  
  97  8:44  Probe  
  97  8:45  Probe  
  97  8:46  Probe  
  119  8:54  Pylon  
  118  8:56  Observer  
  118  8:57  Pylon  
  118  8:58  Probe  
  118  8:59  Pylon  
  120  9:06  Assimilator  
  120  9:08  Assimilator  
  120  9:14  Observer  
  115  9:32  Charge  
  115  9:38  Carrier x3  
  133  9:49  Stargate  
  133  9:52  Stargate  
  133  9:57  Gateway  
  133  9:59  Gateway  
  133  10:02  Gateway  
  133  10:04  Gateway  
  133  10:13  Probe  
  134  10:16  Probe  
  134  10:19  Protoss Shields Level 2, Probe  
  136  10:22  Probe  
  136  10:23  Probe  
  136  10:28  Probe  
  139  10:31  Protoss Air Weapons Level 2, Probe  
  139  10:34  Probe  
  142  10:35  Probe  
  142  10:40  Probe  
  142  10:42  Carrier x3  
  161  10:43  Probe  
  161  10:46  Probe  
  161  10:47  Probe  
  164  10:52  Probe  
  165  11:01  Photon Cannon  
  165  11:02  Carrier, Photon Cannon  
  165  11:03  Photon Cannon  
  171  11:05  Photon Cannon  
  171  11:08  Cybernetics Core, Shield Battery  
  171  11:10  Shield Battery  
  171  11:12  Observer  
  172  11:29  Observer  
  173  11:36  Pylon  
  167  11:42  Pylon  
  167  11:46  Carrier  
  173  11:52  Pylon  
  191  11:58  Pylon  
Show
View Real Time Build Order
Export as new Build Order

MaemoJ Protoss 

Build Orders: 1 Gate Expand, Blink Stalkers 

Get SALT Encoding   

  12  0:00  Probe  
  13  0:13  Probe  
  14  0:24  Pylon  
  14  0:27  Probe  
  15  0:42  Probe  
  16  0:44  Assimilator  
  16  0:54  Gateway  
  16  0:56  Probe  
  17  1:04  Probe  
  18  1:13  Probe  
  19  1:37  Nexus  
  19  1:40  Probe  
  19  1:46  Cybernetics Core  
  20  1:49  Probe  
  20  1:50  Assimilator  
  21  1:57  Pylon, Probe  
  22  2:07  Probe  
  23  2:24  Stalker, Probe  
  23  2:26  Warp Gate  
  25  2:41  Gateway  
  25  2:51  Stalker  
  25  2:53  Twilight Council  
  27  3:07  Probe x2  
  29  3:25  Probe  
  29  3:26  Robotics Facility, Probe  
  29  3:33  Probe  
  31  3:34  Blink, Probe  
  33  3:43  Probe x2  
  35  4:09  Probe x2  
  37  4:16  Immortal  
  37  4:21  Probe  
  37  4:22  Probe  
  39  4:27  Stalker  
  39  4:31  Pylon  
  45  4:34  Probe, Pylon  
  45  4:45  Probe x2  
  46  4:49  Assimilator  
  46  4:50  Assimilator  
  48  4:53  Probe, Pylon  
  48  4:56  Shield Battery, Probe  
  48  4:58  Stalker  
  48  4:59  Stalker  
  54  5:04  Observer  
  54  5:05  Probe  
  56  5:10  Probe  
  57  5:18  Gateway  
  57  5:21  Gateway  
  57  5:22  Probe  
  57  5:24  Pylon  
  58  5:31  Stalker x2  
  62  5:39  Charge  
  62  5:46  Observer  
  62  5:48  Shield Battery  
  62  5:51  Nexus  
  62  5:55  Observer  
  62  6:06  Observer  
  60  6:39  Probe x2  
  62  6:45  Stalker x4  
  70  6:50  Gateway  
  70  6:51  Probe x2  
  72  6:55  Forge  
  72  6:57  Gateway  
  72  7:03  Probe  
  72  7:05  Templar Archives  
  73  7:22  Zealot x4  
  75  7:24  Forge  
  81  7:37  Probe x3  
  81  7:41  Assimilator  
  84  7:44  Nexus  
  84  7:49  Probe x2  
  84  7:50  Pylon  
  86  7:51  Zealot  
  86  7:52  Zealot x2, Protoss Ground Armor Level 1, Protoss Ground Weapons Level 1  
  86  7:58  Pylon  
  92  8:17  Zealot x3  
  92  8:18  High Templar  
  92  8:19  High Templar x2  
  104  8:29  Gateway, Probe x2  
  104  8:30  Gateway  
  104  8:32  Assimilator  
  106  8:37  Pylon  
  106  9:00  Probe x4  
  110  9:05  Zealot x3  
  110  9:06  High Templar x2  
  110  9:07  Pylon, High Templar  
  122  9:19  Archon x2  
  122  9:20  Archon  
  110  9:34  Zealot x4  
  110  9:35  Zealot  
  114  9:51  Nexus, High Templar x3  
  120  9:55  High Templar x2  
  124  10:07  Pylon  
  124  10:08  Archon x2  
  124  10:22  Pylon  
  124  10:23  Probe, Pylon  
  124  10:24  Probe  
  124  10:25  Pylon  
  102  10:56  Zealot x3  
  102  10:57  Zealot x3  
  114  11:12  Pylon  
  114  11:19  Stalker x8  
  127  11:50  Nexus  
  127  11:52  Stalker x3  
  127  11:53  Stalker x5  
  141  11:56  Pylon  
  141  11:57  Pylon  
  141  12:00  Pylon  
  95  12:23  Zealot  
  95  12:24  Zealot x4  
  95  12:25  Zealot x3  
  109  12:37  Gateway  
  109  12:38  Gateway  
  109  12:39  Gateway  
  109  12:40  Gateway  
Tags
 
Add a new tag
Caveats
  • Supply blocks, unpowered buildings, or Contaminate may cause inaccurate times.
  • Supply counts are checked every 10 seconds.